[Event "44th Chess Olympiad Women 2022"]
[Site "Chennai"]
[Date "2022.07.31"]
[Round "3.56"]
[White "Ortez, Andrea"]
[Black "Ollet, Myra"]
[Result "1-0"]
[WhiteElo "1908"]
[BlackElo "1480"]
[Annotator "NA"]
[PlyCount "99"]
[EventDate "2022.??.??"]
[TimeControl "60"]

1. e4 d6 2. d4 c6 3. Nf3 e6 4. c4 Be7 5. Nc3 Nd7 6. Bf4 h6 7. h4 Nb6 8. Bd3 a6 9. Qe2 Bd7 10. Rb1 c5 11. dxc5 dxc5 12. e5 Bc6 13. Rd1 Qc7 14. Be4 Rd8 15. O-O Rxd1 16. Rxd1 Nd7 17. h5 Bd8 18. Rd6 Be7 19. Bxc6 Bxd6 20. Bxd7+ Qxd7 21. exd6 Nf6 22. Ne5 Qd8 23. Qf3 O-O 24. Qxb7 Qxd6 25. Ng6 e5 26. Bxe5 Qe6 27. Ne7+ Kh8 28. Bxf6 gxf6 29. g3 Re8 30. Ned5 Qe1+ 31. Kg2 Kg7 32. Qc6 Re6 33. Qxc5 Re5 34. Qd6 Re6 35. Qf4 Qe5 36. Qf3 Qd4 37. Ne3 Kf8 38. Qa8+ Re8 39. Qxa6 Rxe3 40. fxe3 Qxe3 41. Qxf6 Qd2+ 42. Qf2 Qg5 43.
Ne4 Qxh5 44. Qc5+ Qxc5 45. Nxc5 Ke7 46. a4 Kd6 47. b4 f5 48. a5 h5 49. a6 Kc6 50. Na4 1-0

[Event "44th Chess Olympiad Women 2022"]
[Site "Chennai"]
[Date "2022.07.31"]
[Round "3.57"]
[White "Aishath Alya Mohamed Shareef"]
[Black "Silvera, Pilar"]
[Result "0-1"]
[WhiteElo "1110"]
[BlackElo "1436"]
[Annotator "NA"]
[PlyCount "80"]
[EventDate "2022.??.??"]
[TimeControl "60"]

1. d4 f5 2. Bf4 Nf6 3. Nf3 e6 4. e3 d5 5. Bd3 Bd6 6. Nbd2 O-O 7. Ne5 c6 8. c3 Ne4 9. Bxe4 fxe4 10. Qg4 Qf6 11. Rf1 Be7 12. Bg3 Qf5 13.
Qe2 h6 14. O-O-O Nd7 15. f3 Nxe5 16. Bxe5 exf3 17. Nxf3 Qh5 18. Qd3 Qf5 19. Qd2 Bd7 20. Bg3 Qe4 21. Ne5 Rxf1 22. Rxf1 Be8 23. Qf2 Bg5 24. Bf4 Bf6 25. Kd2 Bxe5 26. Bxe5 Bg6 27. Qe2 Qc2+ 28. Ke1 Qb1+ 29. Qd1 Qxb2 30. Qd2 Bc2 31. Rf2 Qb1+ 32. Ke2 Be4 33. Rf1 Qb5+ 34. Ke1 Bd3 35. Rf4 Rf8 36. Rxf8+ Kxf8 37. Qf2+ Kg8 38. Bd6 Qb1+ 39. Kd2 Qc2+ 40. Ke1 Qc1# 0-1

[Event "44th Chess Olympiad Women 2022"]
[Site "Chennai"]
[Date "2022.07.31"]
[Round "3.57"]
[White "Malan, Lucia"]
[Black "Abdul Rasheed, Mariyam Laisa"]
[Result "1-0"]
[WhiteElo "1741"]
[BlackElo "1145"]
[Annotator "NA RC"]
[PlyCount "43"]
[EventDate "2022.??.??"]
[TimeControl "60"]

1. e4 c5 2. Nf3 d6 3. d4 cxd4 4. Nxd4 Nf6 5. Nc3 g6 6. Be3 Bg7 7. f3 Nc6 8. Qd2 Bd7 9. O-O-O O-O 10. g4 Rc8 11. h4 a6 12. h5 Ne5 13.
Bh6 Nc4 14. Bxc4 Rxc4 15. Bxg7 Kxg7 16. hxg6 fxg6 17. Qh6+ Kf7 18. g5 Ne8 19. Qxh7+ Ng7 20. Rh6 e5 21. Qxg6+ Kg8 22. Rdh1 1-0

[Event "44th Chess Olympiad Women 2022"]
[Site "Chennai"]
[Date "2022.07.31"]
[Round "3.57"]
[White "Nuha, Rilwan"]
[Black "Roepke, Sofia"]
[Result "0-1"]
[WhiteElo "1068"]
[BlackElo "1869"]
[Annotator "NA RC"]
[PlyCount "98"]
[EventDate "2022.??.??"]
[TimeControl "60"]

1. e4 e5 2. Nf3 Nf6 3. Nc3 Bb4 4. d3 O-O 5. Bg5 d6 6. Be2 Re8 7. a3 Bxc3+ 8. bxc3 Nbd7 9. Qd2 Nf8 10. Rb1 h6 11. Bxf6 Qxf6 12. O-O Ng6 13. Rfe1 Nf4 14. Bf1 b6 15. d4 Bg4 16. Re3 Nh3+ 17. Kh1 Qf4 18.
Rd1 exd4 19. cxd4 Rxe4 20. Rxe4 Qxe4 21. Re1 Qf4 22. Qxf4 Nxf4 23. Re4 Bxf3 24. Rxf4 Bc6 25. Bc4 d5 26. Bd3 Re8 27. h3 Kf8 28. Kh2 Re1 29. Rf3 Ke7 30. Re3+ Rxe3 31. fxe3 Kd6 32. Kg3 Ba4 33. Kf4 c5 34. c3 Bd7 35. h4 Be6 36. Bf5 Bxf5 37. Kxf5 c4 38.
g4 b5 39. g5 hxg5 40. hxg5 a5 41. e4 b4 42. e5+ Kd7 43. axb4 axb4 44. g6 fxg6+ 45. Kxg6 Ke6 46. cxb4 c3 47. Kxg7 c2 48. b5 c1=Q 49. b6 Qg5+ 0-1

[Event "44th Chess Olympiad Women 2022"]
[Site "Chennai"]
[Date "2022.07.31"]
[Round "3.57"]
[White "Quevedo, Andreina"]
[Black "Nihaya, Ahmed"]
[Result "1-0"]
[WhiteElo "1841"]
[BlackElo "1233"]
[Annotator "NA RC"]
[PlyCount "69"]
[EventDate "2022.??.??"]
[TimeControl "60"]

1. e4 e5 2. Nf3 Nc6 3. d4 exd4 4. Nxd4 Bc5 5. Nb3 Bb6 6.
Nc3 a6 7. Qe2 d6 8. Be3 Bxe3 9. Qxe3 Nf6 10. f3 Be6 11. O-O-O O-O 12. g4 b5 13. h4 Re8 14. h5 b4 15. Ne2 Bxb3 16. axb3 a5 17. g5 Nd7 18. g6 fxg6 19. hxg6 hxg6 20. Nd4 Nxd4 21. Qxd4 Qf6 22. Qc4+ Kf8 23. Qxc7 Ke7 24. Bh3 Red8 25. e5 Qf4+ 26. Kb1 Ke8 27. Bxd7+ Rxd7 28. Qc6 Ke7 29. Qxa8 dxe5 30. Rxd7+ Kxd7 31. Rd1+ Ke6 32. Qc8+ Kf6 33. Qd8+ Kf5 34. Qf8+ Kg5 35. Rg1+ 1-0

[Event "44th Chess Olympiad Women 2022"]
[Site "Chennai"]
[Date "2022.07.31"]
[Round "3.58"]
[White "Gusmao, Maria do Ceu"]
[Black "Rakotoniaina Tiana Johanna"]
[Result "0-1"]
[WhiteElo "1442"]
[BlackElo "1529"]
[Annotator "NA RC"]
[PlyCount "93"]
[EventDate "2022.??.??"]
[TimeControl "60"]

1. c4 e5 2. Nc3 Nf6 3. e4 Bc5 4. Nf3 Nc6 5. h3 b6 6. Nxe5 Bxf2+ 7. Kxf2 Nxe5 8. d4 Ng6 9. Be2 Bb7 10. d5 Qe7 11. Qc2 Qe5 12. Rf1 O-O 13.
g3 c6 14. Bf3 cxd5 15. cxd5 h5 16. Rg1 Rfc8 17. Be3 Rc4 18. Rad1 d6 19. Qd2 Rac8 20. Bd4 Qe7 21. Bxf6 Qxf6 22. Kg2 h4 23. Kh2 Qxf3 24. gxh4 Qf4+ 25. Qxf4 Nxf4 26. Rg4 Nh5 27. Rdg1 g6 28. Kh1 Re8 29. Nb5 Rcxe4 30. Rxe4 Rxe4 31. Nxd6 Re7 32. Nxb7 Rxb7 33.
Rd1 Rd7 34. Kh2 Nf4 35. d6 Kg7 36. Kg3 Ne6 37. Kf3 Kf6 38.
Ke4 Nd8 39. Rd5 Nc6 40. a3 Ke6 41. h5 f5+ 42. Rxf5 gxf5+ 43. Kf4 Kf6 44. h6 Rh7 45. b4 b5 46. a4 a6 47. axb5 0-1

[Event "44th Chess Olympiad Women 2022"]
[Site "Chennai"]
[Date "2022.07.31"]
[Round "3.58"]
[White "Razafindrabe, Bakoly"]
[Black "dos Santos, Elfiana"]
[Result "1/2-1/2"]
[WhiteElo "1238"]
[BlackElo "1560"]
[Annotator "NA"]
[PlyCount "82"]
[EventDate "2022.??.??"]
[TimeControl "60"]

1. e4 e5 2. Nf3 Nc6 3. Bc4 h6 4. c3 Bc5 5. O-O Nf6 6. d4 exd4 7. cxd4 Be7 8. Nc3 O-O 9. Be3 d6 10. h3 Na5 11. Bb3 Nxb3 12. Qxb3 c6 13.
a4 b6 14. Rac1 Bd7 15. e5 Nh7 16. d5 Ng5 17. Nxg5 Bxg5 18. Bxg5 Qxg5 19. e6 Bc8 20. Ne4 Qe7 21. exf7+ Rxf7 22. Rfe1 Qd7 23. dxc6 Qf5 24. f3 Qg6 25. Kh1 Kh7 26. Qd5 Bf5 27. Nxd6 Rf6 28. Nxf5 Rxf5 29. Qe6 Rf6 30. Qe4 Rf5 31. c7 Rc8 32. Rc6 Qf7 33. Qe7 Qd5 34. Rce6 Rxf3 35. gxf3 Qxf3+ 36. Kh2 Qf2+ 37. Kh1 Qf3+ 38.
Kg1 Qg3+ 39. Kf1 Qf3+ 40. Kg1 Qg3+ 41. Kf1 Qf3+ 1/2-1/2

[Event "44th Chess Olympiad Women 2022"]
[Site "Chennai"]
[Date "2022.07.31"]
[Round "3.58"]
[White "Razafindrabiaza, Christine"]
[Black "da Silva, Sonizia A.Tilman"]
[Result "1-0"]
[WhiteElo "1635"]
[BlackElo "1507"]
[Annotator "NA RC"]
[PlyCount "61"]
[EventDate "2022.??.??"]
[TimeControl "60"]

1. d4 Nf6 2. Nf3 d5 3. e3 Bf5 4. Bd3 Ne4 5. O-O e6 6. c4 dxc4 7. Bxc4 Bg4 8. Be2 Nc6 9. Nbd2 Qd5 10. Bc4 Qf5 11. Bd3 Bxf3 12. Nxf3 Bd6 13. a3 g5 14. Qc2 g4 15. Bxe4 Qh5 16. Bxc6+ bxc6 17. Qxc6+ Ke7 18. Ne5 Rad8 19. g3 f6 20. Nc4 Qg6 21. Nxd6 cxd6 22. Bd2 h5 23. e4 h4 24. e5 Qd3 25. exd6+ Kf7 26. Bf4 Qxd4 27. Rad1 Qxb2 28. Rb1 Qxa3 29. Rb7+ Kg6 30. Qe4+ Kh5 31. Rh7+ 1-0

[Event "44th Chess Olympiad Women 2022"]
[Site "Chennai"]
[Date "2022.07.31"]
[Round "3.58"]
[White "Tilman, Zulmira Americo"]
[Black "Raharimanana, Faratiana"]
[Result "0-1"]
[WhiteElo "1255"]
[BlackElo "1707"]
[Annotator "NA RC"]
[PlyCount "96"]
[EventDate "2022.??.??"]
[TimeControl "60"]

1. d4 Nf6 2. c4 e6 3. Nc3 Bb4 4. Nf3 b6 5. Bd2 Bb7 6. e3 O-O 7. Bd3 d5 8.
cxd5 exd5 9. O-O c5 10. a3 Bxc3 11. bxc3 Nbd7 12. Qc2 h6 13. h3 Rc8 14. Qb1 Re8 15. Qd1 a6 16. a4 Ne4 17. Rb1 Qc7 18.
Nh4 Qd6 19. f3 Ng3 20. Re1 Qf6 21. f4 Qxh4 22. Qf3 Ne4 23. Bxe4 dxe4 24. Qe2 Qf6 25. a5 b5 26. c4 cxd4 27. cxb5 axb5 28. Qxb5 Bc6 29. Qe2 d3 30. Qf2 Bd5 31. Bb4 Rc2 32. Qf1 Bc4 33. Rbc1 d2 34. Rxc2 Bxf1 35. Rxf1 Qa6 36. Rxd2 Nf6 37. g4 Rc8 38. g5 Ne8 39. gxh6 Qxh6 40. Kh2 Nf6 41. Rg2 Nd5 42. Bd2 Rc6 43. Bc1 Rg6 44. f5 Rxg2+ 45. Kxg2 Nxe3+ 46. Bxe3 Qxe3 47. Ra1 Qd2+ 48. Kg3 Qd8 0-1

[Event "44th Chess Olympiad Women 2022"]
[Site "Chennai"]
[Date "2022.07.31"]
[Round "3.60"]
[White "Elfelo, Eklas"]
[Black "Tchouateu Tankeu Stephanie"]
[Result "1-0"]
[WhiteElo "1562"]
[BlackElo "1280"]
[Annotator "NA RC"]
[PlyCount "117"]
[EventDate "2022.??.??"]
[TimeControl "60"]

1. e4 e5 2. Nf3 Nc6 3. Bc4 Nf6 4. Nc3 Bc5 5. O-O O-O 6. h3 b6 7. b3 Bb7 8. Bb2 Re8 9. Re1 d6 10. Ng5 d5 11. exd5 Nd4 12. Nce4 h6 13.
Nf3 Nxe4 14. Rxe4 Bxd5 15. Bxd5 Qxd5 16. d3 Qd6 17. c3 Nf5 18. Qd2 Rad8 19. d4 exd4 20. Rxe8+ Rxe8 21. cxd4 Bb4 22. Qd3 Qf4 23. a3 Bd6 24. Bc1 Re1+ 25. Nxe1 Qxd4 26. Qxd4 Nxd4 27. Rb1 a5 28. a4 c6 29. Be3 c5 30. Rd1 Be5 31. Bxd4 cxd4 32. Nf3 f6 33. g4 Kf7 34. h4 g5 35. h5 Ke6 36. Kf1 f5 37. gxf5+ Kxf5 38. Nxd4+ Bxd4 39. Rxd4 Ke5 40. Rc4 Kf5 41. f3 Kf6 42. Ke2 Ke6 43.
Ke3 Kf5 44. Rc6 g4 45. fxg4+ Kxg4 46. Rxh6 Kg5 47. Rxb6 Kxh5 48.
Rb5+ Kg6 49. Rxa5 Kf6 50. Ke4 Ke6 51. Ra6+ Kd7 52. a5 Kc7 53. Rh6 Kb7 54. a6+ Ka7 55. b4 Kb8 56. Rh7 Ka8 57. b5 Kb8 58.
b6 Ka8 59. Rh8# 1-0

[Event "44th Chess Olympiad Women 2022"]
[Site "Chennai"]
[Date "2022.07.31"]
[Round "3.61"]
[White "Mpinganjira, Ellen"]
[Black "Pinder, Trinity"]
[Result "1/2-1/2"]
[WhiteElo "1334"]
[BlackElo "1183"]
[Annotator "NA"]
[PlyCount "136"]
[EventDate "2022.??.??"]
[TimeControl "60"]

1. e4 c5 2. Nf3 e6 3. Nc3 Nc6 4. Bb5 a6 5. Bxc6 bxc6 6. d4 cxd4 7. Qxd4 c5 8.
Qd1 Bb7 9. O-O Nf6 10. Re1 Be7 11. h3 O-O 12. Bg5 d6 13. Nh2 h6 14. Bh4 d5 15. e5 Ne4 16. Nxe4 dxe4 17. Bxe7 Qxe7 18. Qh5 Kh7 19. Nf1 Qg5 20. Qxg5 hxg5 21. Nd2 Rad8 22. Nxe4 Bxe4 23. Rxe4 Rd5 24. Rae1 Rb8 25. b3 Rb4 26. c3 Rxe4 27. Rxe4 Rd1+ 28. Kh2 Rd2 29. f3 Rxa2 30. Rc4 Ra3 31. Rxc5 Rxb3 32. Kg3 Kg6 33. c4 Kf5 34. Ra5 Rc3 35. Rxa6 Rxc4 36. Ra7 Kg6 37. Ra5 Rd4 38. Kf2 Rd5 39. Rxd5 exd5 40. Ke3 Kf5 41. Kd4 Ke6 42. g3 g6 43. g4 Ke7 44. Kxd5 Kd7 45. Ke4 Ke6 46. f4 gxf4 47. Kxf4 f6 48. exf6 Kxf6 49. h4 Kg7 50. Kg5 Kh7 51. h5 Kg7 52. hxg6 Kg8 53. Kf6 Kf8 54. g7+ Kg8 55. g5 Kh7 56. Kf5 Kxg7 57. Kg4 Kg6 58. Kh4 Kg7 59. Kh5 Kh7 60. g6+ Kg7 61. Kg5 Kg8 62. Kf6 Kf8 63. Kg5 Kg7 64. Kh5 Kg8 65. Kh6 Kh8 66. Kg5 Kg7 67. Kf5 Kg8 68. Kf6 Kf8 1/2-1/2

[Event "44th Chess Olympiad Women 2022"]
[Site "Chennai"]
[Date "2022.07.31"]
[Round "3.61"]
[White "Msukwa, Tupokiwe"]
[Black "Johnson, Daijah"]
[Result "1-0"]
[WhiteElo "1369"]
[BlackElo "1480"]
[Annotator "NA"]
[PlyCount "91"]
[EventDate "2022.??.??"]
[TimeControl "60"]

1. d4 Nf6 2. c4 g6 3. Nc3 Bg7 4. e4 d6 5. Be2 O-O 6. Nf3 Nbd7 7. O-O e5 8. d5 Nc5 9. Qc2 Qe7 10. h3 c6 11. Bg5 h6 12. Be3 cxd5 13. cxd5 b6 14. b4 Na6 15. a3 Bb7 16. Rac1 Rac8 17. Qd2 Nc7 18. Bxh6 Nh7 19. Bxg7 Kxg7 20. Rc2 Ne8 21. Bd3 Nef6 22. Ng5 Rh8 23. Nxh7 Rxh7 24. Ne2 Rch8 25. Rfc1 Ne8 26. Ng3 Qf6 27. Bb5 Kf8 28. Rc3 g5 29. Rf3 Qg6 30. Bd7 Rg7 31. Bg4 Nf6 32. Rxf6 Qxf6 33. Nh5 Rxh5 34. Bxh5 Qh6 35. Bg4 f6 36. b5 Re7 37. Rc3 Ke8 38. Qc2 Qf8 39. Qa4 Kf7 40. Bh5+ Kg8 41. Bg4 Kg7 42. Bf5 Kh8 43. Qxa7 Bxd5 44. Qxb6 Bb7 45. Rc7 Rxc7 46. Qxc7 1-0

[Event "44th Chess Olympiad Women 2022"]
[Site "Chennai"]
[Date "2022.07.31"]
[Round "3.62"]
[White "Roberts, Tallulah"]
[Black "Ibtihal Mohammed"]
[Result "0-1"]
[WhiteElo "1536"]
[BlackElo "1445"]
[Annotator "NA RC"]
[PlyCount "114"]
[EventDate "2022.??.??"]
[TimeControl "60"]

1. c4 c5 2. Nf3 Nc6 3. Nc3 e5 4. g3 g6 5. Bg2 Bg7 6. O-O Nge7 7. d3 O-O 8. a3 a5 9. Rb1 d6 10. Bg5 f6 11. Bd2 Be6 12. h3 Rb8 13.
Ne1 d5 14. cxd5 Nxd5 15. Qc1 Re8 16. e3 b5 17. Nxd5 Bxd5 18.
Qxc5 Bxg2 19. Kxg2 Qb6 20. Rc1 Qxc5 21. Rxc5 Rec8 22. Nf3 Bf8 23. Rc2 b4 24. a4 Rb7 25. Rfc1 Rbc7 26. b3 Bd6 27. Nh2 Nd8 28. Rxc7 Rxc7 29. Rxc7 Bxc7 30. d4 exd4 31. exd4 Ne6 32. Be3 Bd6 33. f4 Kf7 34. Kf3 f5 35. Nf1 Nc7 36. Nd2 Nd5 37. Bf2 Ke6 38.
Nc4 Bc7 39. Be1 Bd8 40. g4 Bc7 41. Bd2 Nf6 42. gxf5+ Kxf5 43. Bxb4 axb4 44. a5 Nd5 45. a6 Bb8 46. Ne5 Nc7 47. d5 Nxa6 48.
Nc6 Bxf4 49. Nd4+ Ke5 50. Nc2 Bg5 51. Kg4 Be7 52. d6 Bxd6 53.
Kg5 Bf8 54. h4 Nc7 55. Nxb4 Bxb4 56. Kh6 Kf6 57. Kxh7 Be1 0-1

[Event "44th Chess Olympiad Women 2022"]
[Site "Chennai"]
[Date "2022.07.31"]
[Round "3.63"]
[White "Ahmed, Najla"]
[Black "Beukes Jamie-Nicole"]
[Result "0-1"]
[WhiteElo "1176"]
[BlackElo "1231"]
[Annotator "NA"]
[PlyCount "110"]
[EventDate "2022.??.??"]
[TimeControl "60"]

1. c4 f5 2. Qc2 e6 3. Nf3 Nf6 4. Nc3 c6 5. e3 d5 6. d4 Bd6 7. Ne5 O-O 8. Bd2 Nbd7 9. f4 Ne4 10. g3 Qe8 11. Nxe4 fxe4 12. Be2 Nf6 13. O-O-O b5 14. c5 Bc7 15. Kb1 a5 16. g4 Bxe5 17. fxe5 Nd7 18. Rdf1 Bb7 19. h4 b4 20. Qd1 Ba6 21. Bxa6 Rxa6 22. Qa4 Qc8 23. Rxf8+ Nxf8 24. g5 g6 25. Rf1 Ra8 26. Rf6 Qa6 27. Qc2 Qe2 28. Qc1 Qb5 29. Qf1 Qb7 30. Qe2 Re8 31. Qg4 Qb5 32. Qd1 Qd3+ 33. Qc2 Qb5 34. Kc1 Nd7 35. Rf4 Kg7 36. Rf2 Rb8 37. b3 Ra8 38. Kb2 a4 39. bxa4 Rxa4 40.
Qb3 Qa5 41. Qc2 Rxa2+ 42. Kc1 Rxc2+ 43. Kxc2 Qa2+ 44. Kd1 b3 45. Be1 Qa1+ 46. Ke2 Qc1 47. Bd2 Qc2 48. Rf1 b2 49. h5 gxh5 50. Rf6 Nxf6 51. gxf6+ Kf7 52. Ke1 b1=Q+ 53. Ke2 Qbd1+ 54. Kf2 Qf3+ 55. Ke1 Qcd1# 0-1

[Event "44th Chess Olympiad Women 2022"]
[Site "Chennai"]
[Date "2022.07.31"]
[Round "3.63"]
[White "Nepando, Jolly"]
[Black "Almusawi, Maram"]
[Result "0-1"]
[WhiteElo "1389"]
[BlackElo "1349"]
[Annotator "NA RC"]
[PlyCount "120"]
[EventDate "2022.??.??"]
[TimeControl "60"]

1. e4 c6 2. d4 d5 3. Nd2 dxe4 4. Nxe4 Nf6 5. Nxf6+ exf6 6. Bc4 b5 7. Bb3 a5 8. a4 b4 9. c3 Na6 10. Ne2 Bd6 11. O-O O-O 12. Bf4 Bg4 13. Bxd6 Qxd6 14. Qd2 Kh8 15. Rfe1 Nc5 16. Bc4 Be6 17. cxb4 axb4 18. Qxb4 Bxc4 19. Qxc5 Qxc5 20. dxc5 Rab8 21. Rac1 Bd5 22. Nc3 Be6 23. Re2 Rb4 24. a5 Ra8 25. Rd2 h6 26. Ra1 Rc4 27. Ne2 Rxc5 28. b4 Rc4 29. Rd4 Rc2 30. Nf4 Bf5 31. Nd3 Bxd3 32. Rxd3 c5 33. b5 Rxa5 34. Rb1 Rxb5 35. Re1 Rbb2 36. Rd8+ Kh7 37. Rf1 c4 38. g4 Rc3 39. Re1 Rcb3 40. Ree8 c3 41. h4 Kg6 42. h5+ Kg5 43. Rd5+ f5 44. Rxf5+ Kh4 45. Kg2 c2 46. Re4 Rb4 47. Re1 Rxg4+ 48. Kf1 Rb1 49. Rc5 Rxe1+ 50. Kxe1 c1=Q+ 51. Rxc1 Rg1+ 52. Kd2 Rxc1 53.
Kxc1 Kxh5 54. Kd2 g5 55. Ke3 f5 56. f4 Kg4 57. fxg5 hxg5 58. Kf2 Kh3 59. Kg1 g4 60. Kf2 Kh2 0-1

[Event "44th Chess Olympiad Women 2022"]
[Site "Chennai"]
[Date "2022.07.31"]
[Round "3.64"]
[White "Abigail Karyah"]
[Black "Tsai, Sophie Yi-Hsuan"]
[Result "0-1"]
[WhiteElo "1455"]
[BlackElo "1131"]
[Annotator "NA RC"]
[PlyCount "66"]
[EventDate "2022.??.??"]
[TimeControl "60"]

1. e4 c5 2. Nf3 g6 3. d4 cxd4 4. Nxd4 Bg7 5. Nc3 Nc6 6. Be3 Nf6 7. Be2 O-O 8. O-O d5 9. exd5 Nxd5 10. Nxd5 Nxd4 11. Bxd4 Qxd5 12. Bxg7 Qxd1 13. Raxd1 Kxg7 14. Rd2 h5 15. Rfd1 Be6 16. Bf3 Rab8 17. Kf1 Rfc8 18. Rc1 Rc7 19. b3 Rbc8 20. a4 Bxb3 21. Rb1 Bxa4 22. Rxb7 Rxb7 23. Bxb7 Rxc2 24. Rxc2 Bxc2 25. Ba6 f5 26. Ke2 Kf6 27. Ke3 e5 28. g3 g5 29. h3 f4+ 30. gxf4 exf4+ 31. Kd4 Bf5 32. Bf1 a5 33. Kc4 Ke5 0-1

[Event "44th Chess Olympiad Women 2022"]
[Site "Chennai"]
[Date "2022.07.31"]
[Round "3.66"]
[White "Bah, Mariama Djelo"]
[Black "Pio Monteiro, Juliana"]
[Result "0-1"]
[WhiteElo "1008"]
[BlackElo "1319"]
[Annotator "NA RC"]
[PlyCount "63"]
[EventDate "2022.??.??"]
[TimeControl "60"]

1. e4 c5 2. Nf3 d6 3. Bb5+ Bd7 4. Nc3 Bxb5 5. Nxb5 a6 6. Nc3 Nf6 7. d3 Nc6 8. Bg5 e6 9. Qd2 Be7 10. O-O O-O 11. Rfe1 b5 12. a4 b4 13. Nb1 Rb8 14. e5 dxe5 15. Nxe5 Nxe5 16. Rxe5 Qd4 17. Qf4 Qxb2 18. Re1 Qxa1 19. h3 Qd4 20. Qc7 Rfe8 21. Qg3 Nh5 22. Qg4 Qxg4 23. hxg4 Bxg5 24. Re5 f6 25. Rxc5 Nf4 26. Nd2 Ne2+ 27. Kf1 Bxd2 28. Kxe2 Bc3 29. f4 e5 30. Kf3 exf4 31. Kxf4 Re2 32. Kf5 0-1

[Event "44th Chess Olympiad Women 2022"]
[Site "Chennai"]
[Date "2022.07.31"]
[Round "3.67"]
[White "Dotse Dzidzor Esi"]
[Black "Benson, Maud"]
[Result "1-0"]
[WhiteElo "1195"]
[BlackElo "1334"]
[Annotator "NA RC"]
[PlyCount "91"]
[EventDate "2022.??.??"]
[TimeControl "60"]

1. d4 d5 2. c4 dxc4 3. Nc3 Bf5 4. Bf4 e6 5. e3 Bb4 6. Bxc4 c6 7. Qb3 a5 8. Nf3 b5 9. Be2 a4 10. Qxb4 h6 11. O-O Nd7 12. a3 Ngf6 13.
h3 Nb8 14. Bxb8 Rxb8 15. Ne5 Rc8 16. Nxb5 Nd5 17. Nd6+ Ke7 18. Nxc8+ Kf6 19. Qxa4 Qxc8 20. Qxc6 Qd8 21. Qd7 Qf8 22. Rac1 g6 23. Rc6 h5 24. Rfc1 g5 25. Rc8 Qg7 26. Rxh8 g4 27. hxg4 Bxg4 28. Bxg4 hxg4 29. Qd8+ Ne7 30. g3 Kf5 31. Rh4 f6 32. Nxg4 Ng6 33. Qxf6+ Qxf6 34. Nxf6 Kxf6 35. Rh6 Kg5 36. Rh1 Kf5 37. b4 Ke4 38. b5 Kf3 39. b6 Nf8 40. Rc7 e5 41. dxe5 Ne6 42. Rf7+ Ke4 43.
b7 Nd8 44. b8=Q Nxf7 45. Qb7+ Kxe5 46. Qxf7 1-0

[Event "44th Chess Olympiad Women 2022"]
[Site "Chennai"]
[Date "2022.07.31"]
[Round "3.71"]
[White "Alazmi, Amani"]
[Black "Nema, Rabab Ahmed"]
[Result "1-0"]
[WhiteElo "1506"]
[BlackElo "1172"]
[Annotator "NA RC"]
[PlyCount "61"]
[EventDate "2022.??.??"]
[TimeControl "60"]

1. e4 c5 2. Bc4 Nf6 3. e5 Ng4 4. Qxg4 Nc6 5. Qh5 Qc7 6.
Nf3 g6 7. Qg5 Bg7 8. O-O h6 9. Qe3 d6 10. exd6 Qxd6 11. Nc3 Bg4 12. Nb5 Qf6 13. Nc7+ Kd7 14. Nxa8 Rxa8 15. Qxc5 b6 16. Qd5+ Qd6 17. Qxf7 Bd4 18. c3 Bc5 19. d4 Nxd4 20. cxd4 Bxd4 21. Nxd4 Qxd4 22. Bxh6 Rh8 23. Bg7 Qc5 24. Bxh8 b5 25. Rad1+ Kc6 26. Bd5+ Kb6 27. Bd4 e5 28. Qb7+ Ka5 29. Bxc5 b4 30. Qxb4+ Ka6 31. Bc4# 1-0

[Event "44th Chess Olympiad Women 2022"]
[Site "Chennai"]
[Date "2022.07.31"]
[Round "3.75"]
[White "Inthavong, Maly"]
[Black "Shariff, Sasha Christina"]
[Result "1-0"]
[WhiteElo "1231"]
[BlackElo "1183"]
[Annotator "NA"]
[PlyCount "95"]
[EventDate "2022.??.??"]
[TimeControl "60"]

1. e4 e5 2. Nf3 Nc6 3. d3 Nf6 4. c3 d6 5. Be2 Be6 6. Bg5 h6 7. Bh4 Be7 8. O-O Qd7 9. Nbd2 O-O-O 10. b4 a6 11. a4 g5 12. Bg3 Nh5 13. b5 Nxg3 14. bxc6 Nxe2+ 15. Qxe2 Qxc6 16. c4 g4 17. Ne1 h5 18. f3 Rdf8 19. Kh1 Qb6 20. Qd1 f5 21. a5 Qa7 22. Nc2 fxe4 23. fxe4 Bg5 24. Nb4 Rf2 25. Rxf2 Qxf2 26. Nf1 Bh4 27. Ra2 Qf7 28. Ne3 Rf8 29. Nbd5 Bxd5 30. cxd5 c6 31. Rc2 Kd7 32. dxc6+ bxc6 33. Nf5 d5 34. g3 Bg5 35. Rb2 Kc7 36. Qg1 d4 37. Qb1 Qf6 38. Rb7+ Kc8 39. Rb8+ Kd7 40. Qb7+ Ke6 41. Qxc6+ Kf7 42. Rxf8+ Kxf8 43. Qc8+ Kf7 44. Qd7+ Kg6 45. Qe8+ Qf7 46. Qc6+ Qf6 47. Ne7+ Kh6 48. Ng8+ 1-0

[Event "44th Chess Olympiad Women 2022"]
[Site "Chennai"]
[Date "2022.07.31"]
[Round "3.77"]
[White "Barja de Quiroga Losada, Ana"]
[Black "De Souza, Ivana Claudia Eyram"]
[Result "0-1"]
[WhiteElo "1437"]
[BlackElo "1167"]
[Annotator "NA RC"]
[PlyCount "32"]
[EventDate "2022.??.??"]
[TimeControl "60"]

1. e4 e5 2. Nc3 Nf6 3. Bc4 Bc5 4. Nf3 Nc6 5. O-O O-O 6. d3 d6 7. d4 Nxd4 8. Nxd4 Bxd4 9. Qxd4 exd4 10. Na4 Nxe4 11. c3 Bd7 12. b3 Qf6 13. Bd2 Nxd2 14. Rad1 Qg5 15. Rxd2 Bc6 16. cxd4 Qxg2# 0-1

[Event "44th Chess Olympiad Women 2022"]
[Site "Chennai"]
[Date "2022.07.31"]
[Round "3.78"]
[White "Comas Colon, Rinelly M."]
[Black "Puuska, Heini"]
[Result "0-1"]
[WhiteElo "1585"]
[BlackElo "2010"]
[Annotator "NA RC"]
[PlyCount "116"]
[EventDate "2022.??.??"]
[TimeControl "60"]

1. c4 d6 2. Nc3 e5 3. g3 f5 4. e3 Nf6 5. Bg2 c6 6. d4 Be7 7. Nge2 O-O 8. O-O Qe8 9. d5 c5 10. e4 fxe4 11. Nxe4 Nxe4 12. Bxe4 Qh5 13. Nc3 Bg4 14. f3 Bh3 15. f4 Qxd1 16. Rxd1 Nd7 17. Be3 a6 18. Bg2 Bg4 19. Re1 b5 20. cxb5 axb5 21. Nxb5 Rfb8 22. a4 Bf5 23. fxe5 Nxe5 24. Nc7 Ra5 25. Bd2 Ra7 26. Nb5 Rd7 27. Bc3 Nd3 28. Rf1 Bg6 29. Bh3 Rdb7 30. Be6+ Kh8 31. Rad1 Ra8 32. Bf7 Be4 33. b3 Bg5 34. Bd2 Bf6 35. Rfe1 Nxe1 36. Rxe1 Bc2 37. Nxd6 Rd7 38. Bf4 g5 39. Be8 Re7 40. Rxe7 Bxe7 41. Be5+ Kg8 42. Bc6 Rf8 43. Bd7 Bf6 44. Be6+ Kg7 45. Bxf6+ Kxf6 46. Nb7 Ke5 47. Nxc5 Kd6 48. Nd7 Rf3 49. a5 Rxb3 50. a6 Ra3 51. Nb8 Be4 52. Bg8 h6 53. Nc6 Rxa6 54. Nd4 Bxd5 55. Bh7 Ke5 56. Ne2 Bf3 57. Kf2 Bxe2 58. Kxe2 Ra2+ 0-1

[Event "44th Chess Olympiad Women 2022"]
[Site "Chennai"]
[Date "2022.07.31"]
[Round "3.78"]
[White "Morales Santos, Natasha"]
[Black "Nazarova, Anastasia"]
[Result "0-1"]
[WhiteElo "1924"]
[BlackElo "2208"]
[Annotator "RC"]
[PlyCount "58"]
[EventDate "2022.??.??"]
[TimeControl "60"]

1. d4 d5 2. c4 e6 3. Nc3 c6 4. cxd5 exd5 5. Bf4 Bd6 6. Bxd6 Qxd6 7. Qc2 Ne7 8. e3 Bf5 9. Bd3 Bxd3 10. Qxd3 O-O 11. Nf3 Nd7 12. O-O f5 13. a3 a5 14. Nd2 f4 15. Rae1 fxe3 16. Rxe3 Ng6 17. Rfe1 Nf4 18. Qc2 Nf6 19. h3 N6h5 20. Nf3 Qh6 21. Ne5 Qg5 22. Ng4 Qh4 23. Re7 Nxg2 24. Nh6+ Kh8 25. Nf7+ Rxf7 26. Rxf7 Nxe1 27. Qf5 Nf6 28. Re7 Ne4 29. Qf7 Nf3+ 0-1

[Event "44th Chess Olympiad Women 2022"]
[Site "Chennai"]
[Date "2022.07.31"]
[Round "3.78"]
[White "Norlamo, Sarabella"]
[Black "Alvarado Perez, Coralys M."]
[Result "1-0"]
[WhiteElo "1925"]
[BlackElo "1471"]
[Annotator "NA"]
[PlyCount "33"]
[EventDate "2022.??.??"]
[TimeControl "60"]

1. e4 g6 2. Nf3 Bg7 3. d4 c5 4. dxc5 Nf6 5. Nc3 Qa5 6. e5 Ng4 7. Qd4 h5 8. b4 Qd8 9. b5 d6 10. cxd6 exd6 11. Bg5 Qd7 12. O-O-O dxe5 13. Qc5 f6 14. Rxd7 Nxd7 15. Qd6 fxg5 16. Qxg6+ Kf8 17. Nxg5 1-0